EVO
PENNSYLVANIA STATE UNIVERSITY NITTANY LIONS @ UNIVERSITY OF MICHIGAN WOLVERINES
10/25/2046
 
TOP OF THE 1ST
Pennsylvania State University Nittany Lions batting - Pitching for University of Michigan Wolverines : LHP Jeff Conti
Pitching: LHP Jeff Conti
Batting: RHB John Hopkins 0-0: SINGLE (Groundball, 6D, EV 100.6 MPH)
Batting: RHB Craig Alvarado 0-0: Ball
1-0: Called Strike
1-1: Ball
2-1: Swinging Strike
2-2: Ball
3-2: Base on Balls
John Hopkins to second
Batting: SHB Oscar Barahona 0-0: Ball
1-0: Foul Ball, location: 2F
1-1: Ball
2-1: Foul Ball, location: 2F
2-2: Ball
3-2: Fielders Choice at 2nd, 5-4 (Groundball, 56, EV 108.8 MPH)
John Hopkins to third
Batting: SHB Glenn Harrison 0-0: Called Strike
0-1: Foul Ball, location: 2F
0-2: Ball
1-2: Strikes out swinging
Batting: RHB Klaus Brown 0-0: Ball
1-0: Ball
2-0: Called Strike
2-1: Called Strike
2-2: SINGLE (Groundball, 34D, EV 106.2 MPH)
John Hopkins scores
Oscar Barahona to second
Runner from 2nd tries for 3rd, SAFE, no throw by RF
Batting: RHB Mike Smith 0-0: Foul Ball, location: 2F
0-1: Ball
1-1: Foul Ball, location: 2F
1-2: Strikes out looking
Top of the 1st over - 1 run, 2 hits, 0 errors, 2 left on base; Pennsylvania State University 1 - University of Michigan 0
BOTTOM OF THE 1ST
University of Michigan Wolverines batting - Pitching for Pennsylvania State University Nittany Lions : RHP Dave Boudreaux
Pitching: RHP Dave Boudreaux
Batting: LHB Tony Olvera 0-0: Ball
1-0: Ball
2-0: Ball
3-0: Base on Balls
Batting: LHB Dave Cook 0-0: Called Strike
0-1: Foul Ball, location: 2F
0-2: Reached on error, E9 (Flyball, 89D, EV 90.0 MPH)
Tony Olvera to second
Batting: RHB Justin Young 0-0: Ball
1-0: Called Strike
1-1: Foul Ball, location: 2F
1-2: Ball
2-2: Ball
3-2: Ground out 6-3 (Groundball, P, EV 81.9 MPH)
Tony Olvera to third
Dave Cook to second
Batting: RHB Franklin Ortega 0-0: Ball
1-0: Ball
2-0: Foul Ball, location: 2F
2-1: Ball
3-1: Base on Balls
Batting: RHB Jason Rhodes 0-0: Ball
1-0: Ball
2-0: Grounds into double play, 6-4-3 (Groundball, 6, EV 81.2 MPH)
Bottom of the 1st over - 0 runs, 0 hits, 1 error, 2 left on base; Pennsylvania State University 1 - University of Michigan 0
TOP OF THE 2ND
Pennsylvania State University Nittany Lions batting - Pitching for University of Michigan Wolverines : LHP Jeff Conti
Batting: RHB Fernando Membreno 0-0: Swinging Strike
0-1: SINGLE (Line Drive, 78S, EV 104.4 MPH)
Batting: RHB Isaiah Heath 0-0: Called Strike
0-1: Fly out, F3 (Popup, 3F, EV 70.0 MPH)
Batting: RHB Jesse Sargent 0-0: Swinging Strike
0-1: Ball
1-1: Swinging Strike
1-2: Ball
2-2: Strikes out swinging
Batting: RHB John Hopkins 0-0: Ball
1-0: Swinging Strike
1-1: SINGLE (Line Drive, 6M, EV 103.8 MPH)
Fernando Membreno to second
Batting: RHB Craig Alvarado 0-0: Called Strike
0-1: Foul Ball, location: 2F
0-2: Strikes out swinging
Top of the 2nd over - 0 runs, 2 hits, 0 errors, 2 left on base; Pennsylvania State University 1 - University of Michigan 0
BOTTOM OF THE 2ND
University of Michigan Wolverines batting - Pitching for Pennsylvania State University Nittany Lions : RHP Dave Boudreaux
Batting: RHB Jamie Broadhurst 0-0: Swinging Strike
0-1: Ball
1-1: Ball
2-1: Foul Ball, location: 2F
2-2: Ball
3-2: Ground out 6-3 (Groundball, 6M, EV 95.0 MPH)
Batting: RHB Dave Guevara 0-0: Ball
1-0: Foul Ball, location: 2F
1-1: Ground out 6-3 (Groundball, 6, EV 86.9 MPH)
Batting: RHB Glen Limeburner 0-0: Fly out, F7 (Flyball, 7D, EV 93.8 MPH)
Bottom of the 2nd over - 0 runs, 0 hits, 0 errors, 0 left on base; Pennsylvania State University 1 - University of Michigan 0
TOP OF THE 3RD
Pennsylvania State University Nittany Lions batting - Pitching for University of Michigan Wolverines : LHP Jeff Conti
Batting: SHB Oscar Barahona 0-0: Ball
1-0: Ground out U3 (Groundball, 3L, EV 83.1 MPH)
Batting: SHB Glenn Harrison 0-0: Reached on error, E2 (Groundball, 2R, EV 71.2 MPH)
Batting: RHB Klaus Brown 0-0: Ball
1-0: Ball
2-0: Ball
3-0: Called Strike
3-1: Grounds into double play, 6-4-3 (Groundball, 6, EV 105.6 MPH)
Top of the 3rd over - 0 runs, 0 hits, 1 error, 0 left on base; Pennsylvania State University 1 - University of Michigan 0
BOTTOM OF THE 3RD
University of Michigan Wolverines batting - Pitching for Pennsylvania State University Nittany Lions : RHP Dave Boudreaux
Batting: LHB Gabe Morales 0-0: Swinging Strike
0-1: SINGLE (Line Drive, 7S, EV 91.2 MPH)
Batting: LHB Tony Olvera 0-0: Fly out, F8 (Flyball, 78D, EV 110.6 MPH)
Batting: LHB Dave Cook 0-0: Fly out, F7 (Flyball, 7D, EV 104.4 MPH)
Batting: RHB Justin Young 0-0: Ground out 4-3 (Groundball, 34, EV 86.9 MPH)
Bottom of the 3rd over - 0 runs, 1 hit, 0 errors, 1 left on base; Pennsylvania State University 1 - University of Michigan 0
TOP OF THE 4TH
Pennsylvania State University Nittany Lions batting - Pitching for University of Michigan Wolverines : LHP Jeff Conti
Batting: RHB Mike Smith 0-0: Ball
1-0: Called Strike
1-1: Bunted foul
1-2: Ball
2-2: Foul Ball, location: 2F
2-2: Strikes out looking
Batting: RHB Fernando Membreno 0-0: Ball
1-0: Ball
2-0: Ball
3-0: Called Strike
3-1: SINGLE (Line Drive, 9S, EV 106.9 MPH)
Batting: RHB Isaiah Heath 0-0: Ball
1-0: Fly out, F8 (Line Drive, 78M, EV 94.4 MPH)
Batting: RHB Jesse Sargent 0-0: Swinging Strike
0-1: 2-RUN HOME RUN (Flyball, 78XD, EV 101.9 MPH), Distance : 413 ft
Batting: RHB John Hopkins 0-0: Fly out, F9 (Flyball, 9, EV 81.9 MPH)
Top of the 4th over - 2 runs, 2 hits, 0 errors, 0 left on base; Pennsylvania State University 3 - University of Michigan 0
BOTTOM OF THE 4TH
University of Michigan Wolverines batting - Pitching for Pennsylvania State University Nittany Lions : RHP Dave Boudreaux
Batting: RHB Franklin Ortega 0-0: Ground out 6-3 (Groundball, 6S, EV 88.1 MPH)
Batting: RHB Jason Rhodes 0-0: Ball
1-0: Fly out, F8 (Line Drive, 8RM, EV 91.2 MPH)
Batting: RHB Jamie Broadhurst 0-0: Ball
1-0: Fly out, F7 (Flyball, 78M, EV 86.2 MPH)
Bottom of the 4th over - 0 runs, 0 hits, 0 errors, 0 left on base; Pennsylvania State University 3 - University of Michigan 0
TOP OF THE 5TH
Pennsylvania State University Nittany Lions batting - Pitching for University of Michigan Wolverines : LHP Jeff Conti
Batting: RHB Craig Alvarado 0-0: SINGLE (Line Drive, 34D, EV 95.6 MPH)
Batting: SHB Oscar Barahona 0-0: Foul Ball, location: 2F
0-1: Ball
1-1: Ball
2-1: Ball
3-1: Foul Ball, location: 2F
3-2: Fly out, F6 (Popup, P, EV 70.0 MPH)
Batting: SHB Glenn Harrison 0-0: Fielders Choice at 2nd, 5-4 (Groundball, 25, EV 87.5 MPH)
Batting: RHB Klaus Brown 0-0: Ball
1-0: Ball
2-0: Fly out, F9 (Flyball, 89M, EV 85.6 MPH)
Top of the 5th over - 0 runs, 1 hit, 0 errors, 1 left on base; Pennsylvania State University 3 - University of Michigan 0
BOTTOM OF THE 5TH
University of Michigan Wolverines batting - Pitching for Pennsylvania State University Nittany Lions : RHP Dave Boudreaux
Batting: RHB Dave Guevara 0-0: Ball
1-0: Ground out 6-3 (Groundball, 6, EV 103.8 MPH)
Now at SS: Roberto Medina
Batting: RHB Glen Limeburner 0-0: Ball
1-0: Ball
2-0: Ground out 5-3 (Groundball, 56S, EV 85.6 MPH)
Batting: LHB Gabe Morales 0-0: Called Strike
0-1: Called Strike
0-2: Ball
1-2: Ball
2-2: Ball
3-2: Foul Ball, location: 2F
3-2: Fly out, F8 (Flyball, 8LD, EV 91.9 MPH)
Bottom of the 5th over - 0 runs, 0 hits, 0 errors, 0 left on base; Pennsylvania State University 3 - University of Michigan 0
TOP OF THE 6TH
Pennsylvania State University Nittany Lions batting - Pitching for University of Michigan Wolverines : LHP Jeff Conti
Batting: RHB Mike Smith 0-0: Ball
1-0: Ball
2-0: Ball
3-0: Called Strike
3-1: Base on Balls
Pitching: LHP Armando Salas
Batting: RHB Fernando Membreno 0-0: Ball
1-0: Ball
2-0: Fly out, F7 (Line Drive, 7S, EV 103.8 MPH)
Batting: RHB Isaiah Heath 0-0: Fly out, F8 (Flyball, 78M, EV 83.1 MPH)
Batting: RHB Jesse Sargent 0-0: Called Strike
0-1: SINGLE (Line Drive, 89S, EV 101.2 MPH)
Mike Smith to second
Runner from 2nd tries for 3rd, SAFE, no throw by RF
Batting: RHB John Hopkins 0-0: Fly out, F7 (Flyball, 78M, EV 85.6 MPH)
Top of the 6th over - 0 runs, 1 hit, 0 errors, 2 left on base; Pennsylvania State University 3 - University of Michigan 0
BOTTOM OF THE 6TH
University of Michigan Wolverines batting - Pitching for Pennsylvania State University Nittany Lions : RHP Dave Boudreaux
Batting: LHB Tony Olvera 0-0: Ball
1-0: Ball
2-0: Called Strike
2-1: Fly out, F7 (Flyball, 78M, EV 82.5 MPH)
Batting: LHB Dave Cook 0-0: Ball
1-0: Foul Ball, location: 2F
1-1: Ball
2-1: Foul Ball, location: 2F
2-2: Ball
3-2: Foul Ball, location: 2F
3-2: Base on Balls
Batting: RHB Justin Young 0-0: Ball
1-0: Ball
2-0: Called Strike
2-1: Called Strike
2-2: Ball
3-2: Fielders Choice at 2nd, 4-6 (Groundball, 4, EV 102.5 MPH)
Batting: RHB Franklin Ortega 0-0: Ball
1-0: 2-RUN HOME RUN (Flyball, 9LD, EV 95.6 MPH), Distance : 337 ft
Batting: RHB Jason Rhodes 0-0: Ball
1-0: Ground out 6-3 (Groundball, 56, EV 79.4 MPH)
Bottom of the 6th over - 2 runs, 1 hit, 0 errors, 0 left on base; Pennsylvania State University 3 - University of Michigan 2
TOP OF THE 7TH
Pennsylvania State University Nittany Lions batting - Pitching for University of Michigan Wolverines : LHP Armando Salas
Batting: RHB Roberto Medina 0-0: Ball
1-0: Ground out 4-3 (Groundball, 34, EV 87.5 MPH)
Batting: SHB Oscar Barahona 0-0: Ball
1-0: Ball
2-0: SINGLE (Line Drive, 7S, EV 96.9 MPH)
Batting: SHB Glenn Harrison 0-0: Ball
1-0: Called Strike
1-1: Ball
2-1: Fielders Choice at 2nd, 4-6 (Groundball, 4M, EV 81.2 MPH)
Batting: RHB Klaus Brown 0-0: Ball
1-0: Ball
2-0: Called Strike
2-1: Foul Ball, location: 2F
2-2: Foul Ball, location: 2F
2-2: Foul Ball, location: 2F
2-2: Ball
3-2: Foul Ball, location: 2F
3-2: Fly out, F8 (Flyball, 78M, EV 95.6 MPH)
Top of the 7th over - 0 runs, 1 hit, 0 errors, 1 left on base; Pennsylvania State University 3 - University of Michigan 2
BOTTOM OF THE 7TH
University of Michigan Wolverines batting - Pitching for Pennsylvania State University Nittany Lions : RHP Dave Boudreaux
Batting: RHB Jamie Broadhurst 0-0: Ball
1-0: Ball
2-0: Foul Ball, location: 2F
2-1: Foul Ball, location: 2F
2-2: Foul Ball, location: 2F
2-2: Ground out U3 (Groundball, 34S, EV 81.2 MPH)
Pinch Hitting: RHB Edwin Nunez 0-0: Ground out U3 (Groundball, 34S, EV 86.2 MPH)
Batting: RHB Glen Limeburner 0-0: Called Strike
0-1: Ball
1-1: Swinging Strike
1-2: Fly out, F8 (Line Drive, 8LD, EV 101.2 MPH)
Bottom of the 7th over - 0 runs, 0 hits, 0 errors, 0 left on base; Pennsylvania State University 3 - University of Michigan 2
TOP OF THE 8TH
Pennsylvania State University Nittany Lions batting - Pitching for University of Michigan Wolverines : LHP Armando Salas
Pitching: RHP Befikadu Mthuthuzeli
Now at SS: Edwin Nunez
Batting: RHB Mike Smith 0-0: Ball
1-0: Called Strike
1-1: Ball
2-1: Called Strike
2-2: Ball
3-2: Foul Ball, location: 2F
3-2: Foul Ball, location: 2F
3-2: Ground out U3 (Groundball, 34, EV 107.5 MPH)
Batting: RHB Fernando Membreno 0-0: Fly out, F3 (Popup, 34, EV 63.1 MPH)
Pinch Hitting: RHB Jesus Resendez 0-0: Ball
1-0: Ground out 6-3 (Groundball, 6, EV 82.5 MPH)
Top of the 8th over - 0 runs, 0 hits, 0 errors, 0 left on base; Pennsylvania State University 3 - University of Michigan 2
BOTTOM OF THE 8TH
University of Michigan Wolverines batting - Pitching for Pennsylvania State University Nittany Lions : RHP Dave Boudreaux
Pitching: RHP Mike Watkins
Now in CF: Kaoru Hamada
Now in RF: Glenn Harrison
Pinch Hitting: LHB Adrian Navarro 0-0: Foul Ball, location: 2F
0-1: Foul Ball, location: 2F
0-2: Ground out 4-3 (Groundball, 4, EV 87.5 MPH)
Batting: LHB Tony Olvera 0-0: Called Strike
0-1: Called Strike
0-2: Ball
1-2: Ball
2-2: Ball
3-2: Ground out 4-3 (Groundball, 34S, EV 84.4 MPH)
Batting: LHB Dave Cook 0-0: Ball
1-0: Called Strike
1-1: Swinging Strike
1-2: Ball
2-2: Ball
3-2: Base on Balls
Batting: RHB Justin Young 0-0: Called Strike
0-1: Foul Ball, location: 2F
0-2: Ball
1-2: Ball
2-2: Foul Ball, location: 2F
2-2: Foul Ball, location: 2F
2-2: Foul Ball, location: 2F
2-2: Ball
3-2: Foul Ball, location: 2F
3-2: Reached on error, E6 (Groundball, 56, EV 98.8 MPH)
Dave Cook to second
Batting: RHB Franklin Ortega 0-0: Called Strike
0-1: Called Strike
0-2: Foul Ball, location: 2F
0-2: Ball
1-2: Ball
2-2: Foul Ball, location: 2F
2-2: Strikes out swinging
Bottom of the 8th over - 0 runs, 0 hits, 1 error, 2 left on base; Pennsylvania State University 3 - University of Michigan 2
TOP OF THE 9TH
Pennsylvania State University Nittany Lions batting - Pitching for University of Michigan Wolverines : RHP Befikadu Mthuthuzeli
Now in RF: Adrian Navarro
Batting: RHB Jesse Sargent 0-0: Called Strike
0-1: Fly out, F8 (Line Drive, 8RM, EV 91.9 MPH)
Batting: RHB Franklin van den Berg 0-0: Called Strike
0-1: Ground out 5-3 (Groundball, 56, EV 100.6 MPH)
Batting: RHB Roberto Medina 0-0: Fly out, F8 (Flyball, 8RM, EV 86.9 MPH)
Top of the 9th over - 0 runs, 0 hits, 0 errors, 0 left on base; Pennsylvania State University 3 - University of Michigan 2
BOTTOM OF THE 9TH
University of Michigan Wolverines batting - Pitching for Pennsylvania State University Nittany Lions : RHP Mike Watkins
Pitching: RHP Jerry Romero
Batting: RHB Jason Rhodes 0-0: Reached on error, E6 (Groundball, 56, EV 84.4 MPH)
Batting: RHB Jamie Broadhurst 0-0: Ball
1-0: Called Strike
1-1: Ball
2-1: Swinging Strike
2-2: Strikes out looking
Pinch Hitting: RHB Wei-fang Ping 0-0: Swinging Strike
0-1: Called Strike
0-2: Strikes out looking
Pinch Hitting: LHB Joel Sandoval 0-0: Ball
1-0: Called Strike
1-1: Called Strike
1-2: Foul Ball, location: 2F
1-2: Foul Ball, location: 2F
1-2: Fly out, F8 (Flyball, 8LXD, EV 101.9 MPH)
Bottom of the 9th over - 0 runs, 0 hits, 1 error, 1 left on base; Pennsylvania State University 3 - University of Michigan 2
Tuesday, September 13th , 2022 - OOTP Baseball 23.7 Build 88